MID
SOUTH BEND CUBS @ HARTFORD YARD GOATS
08/28/2048
 
TOP OF THE 1ST
South Bend Cubs batting - Pitching for Hartford Yard Goats : LHP Jason Peck
Pitching: LHP Jason Peck
Batting: RHB Andy Huntley 0-0: Called Strike
0-1: Ball
1-1: Foul Ball, location: 2F
1-2: Ball
2-2: Ball
3-2: Base on Balls
Batting: LHB Kwang-chih Men 0-0: Ball
Andy Huntley steals 2nd base
1-0: Ball
2-0: Ball
3-0: Base on Balls
Batting: RHB Taylor Garofalo 0-0: DOUBLE (Line Drive, 9LD, EV 105.0 MPH)
Andy Huntley scores
Kwang-chih Men to third
Batting: RHB Roy Battist 0-0: Called Strike
0-1: Ball
1-1: Called Strike
1-2: Foul Ball, location: 2F
1-2: Ball
2-2: Ball
3-2: Foul Ball, location: 2F
3-2: Base on Balls
Batting: RHB Han-seung Hah 0-0: Ball
1-0: Ball
2-0: Called Strike
2-1: Ball
3-1: Foul Ball, location: 2F
3-2: Foul Ball, location: 2F
3-2: Foul Ball, location: 2F
3-2: DOUBLE (Line Drive, 3D, EV 97.5 MPH)
Kwang-chih Men scores
Taylor Garofalo scores
Roy Battist to third
Batting: RHB Juan Bonilla 0-0: 3-RUN HOME RUN (Line Drive, 9LD, EV 92.5 MPH), Distance : 342 ft
Batting: RHB Denis Rachin 0-0: Ball
1-0: Foul Ball, location: 2F
1-1: Foul Ball, location: 2F
1-2: Fly out, F7 (Line Drive, 7S, EV 100.6 MPH)
Batting: RHB Hugo Torrez 0-0: Ball
1-0: Ground out 5-3 (Groundball, 56S, EV 81.9 MPH)
Batting: LHB Hiroki Yamamoto 0-0: Ball
1-0: Foul Ball, location: 2F
1-1: Ball
2-1: Swinging Strike
2-2: Ball
3-2: Strikes out swinging
Top of the 1st over - 6 runs, 3 hits, 0 errors, 0 left on base; South Bend 6 - Hartford 0
BOTTOM OF THE 1ST
Hartford Yard Goats batting - Pitching for South Bend Cubs : RHP Anastagio Fasola
Pitching: RHP Anastagio Fasola
Batting: LHB Nick Martin 0-0: Called Strike
0-1: Ball
1-1: Swinging Strike
1-2: Strikes out swinging
Batting: LHB Paul McClintock 0-0: Called Strike
0-1: Ball
1-1: Foul Ball, location: 2F
1-2: SINGLE (Groundball, 56D, EV 106.2 MPH)
Batting: RHB T.J. Williams 0-0: 2-RUN HOME RUN (Flyball, 7LD, EV 91.9 MPH), Distance : 342 ft
Batting: SHB Ken Griffey IV 0-0: Swinging Strike
0-1: Fly out, F8 (Flyball, 8RD, EV 103.8 MPH)
Batting: RHB Matviy Oliynyk 0-0: Called Strike
0-1: Ball
1-1: Ball
2-1: Fly out, F3 (Popup, 34, EV 57.5 MPH)
Bottom of the 1st over - 2 runs, 2 hits, 0 errors, 0 left on base; South Bend 6 - Hartford 2
TOP OF THE 2ND
South Bend Cubs batting - Pitching for Hartford Yard Goats : LHP Jason Peck
Batting: RHB Andy Huntley 0-0: Ground out 6-3 (Groundball, 6, EV 105.0 MPH)
Batting: LHB Kwang-chih Men 0-0: Ball
1-0: Foul Ball, location: 2F
1-1: Foul Ball, location: 2F
1-2: Foul Ball, location: 2F
1-2: SOLO HOME RUN (Flyball, 7D, EV 93.8 MPH), Distance : 372 ft
Pitching: RHP Wilson Mendez
Batting: RHB Taylor Garofalo 0-0: Called Strike
0-1: Swinging Strike
0-2: Foul Ball, location: 2F
0-2: SINGLE (Groundball, 6MD, EV 102.5 MPH)
Batting: RHB Roy Battist 0-0: Foul Ball, location: 2F
0-1: Fly out, F8 (Flyball, 8LD, EV 88.8 MPH)
Batting: RHB Han-seung Hah 0-0: Foul Ball, location: 2F
0-1: Ball
1-1: Ball
2-1: Foul Ball, location: 2F
2-2: Fly out, F8 (Line Drive, 8LD, EV 98.8 MPH)
Top of the 2nd over - 1 run, 2 hits, 0 errors, 1 left on base; South Bend 7 - Hartford 2
BOTTOM OF THE 2ND
Hartford Yard Goats batting - Pitching for South Bend Cubs : RHP Anastagio Fasola
Batting: RHB Zakhar Edelman 0-0: Ball
1-0: Ball
2-0: Ball
3-0: Called Strike
3-1: Hit by Pitch
Batting: LHB Daniel Green 0-0: Called Strike
Zakhar Edelman is caught stealing 2nd base 2-6
0-1: Swinging Strike
0-2: Ball
1-2: Foul Ball, location: 2F
1-2: Fly out, F9 (Flyball, 89D, EV 92.5 MPH)
Batting: LHB Harry Folsom 0-0: Ball
1-0: Ground out 4-3 (Groundball, 4, EV 91.9 MPH)
Bottom of the 2nd over - 0 runs, 0 hits, 0 errors, 0 left on base; South Bend 7 - Hartford 2
TOP OF THE 3RD
South Bend Cubs batting - Pitching for Hartford Yard Goats : RHP Wilson Mendez
Batting: RHB Juan Bonilla 0-0: Foul Ball, location: 2F
0-1: Ball
1-1: Ball
2-1: Fly out, F4 (Line Drive, 34D, EV 70.6 MPH)
Batting: RHB Denis Rachin 0-0: Swinging Strike
0-1: Ball
1-1: Fly out, F8 (Flyball, 78M, EV 89.4 MPH)
Batting: RHB Hugo Torrez 0-0: Ball
1-0: Called Strike
1-1: Foul Ball, location: 2F
1-2: SINGLE (Groundball, 34D, EV 106.2 MPH)
Batting: LHB Hiroki Yamamoto 0-0: Called Strike
0-1: Called Strike
Hugo Torrez steals 2nd base
0-2: Ball
1-2: Ball
2-2: Ground out 4-3 (Groundball, 4, EV 101.2 MPH)
Top of the 3rd over - 0 runs, 1 hit, 0 errors, 1 left on base; South Bend 7 - Hartford 2
BOTTOM OF THE 3RD
Hartford Yard Goats batting - Pitching for South Bend Cubs : RHP Anastagio Fasola
Batting: RHB Kevin McKasson 0-0: Called Strike
0-1: Swinging Strike
0-2: Ball
1-2: Ground out 1-3 (Groundball, 13S, EV 72.5 MPH)
Batting: LHB Nick Martin 0-0: Ball
1-0: Ball
2-0: Foul Ball, location: 2F
2-1: Fly out, F8 (Flyball, 8LS, EV 73.1 MPH)
Batting: LHB Paul McClintock 0-0: Ball
1-0: Called Strike
1-1: Ball
2-1: Ground out 4-3 (Groundball, 4, EV 102.5 MPH)
Bottom of the 3rd over - 0 runs, 0 hits, 0 errors, 0 left on base; South Bend 7 - Hartford 2
TOP OF THE 4TH
South Bend Cubs batting - Pitching for Hartford Yard Goats : RHP Wilson Mendez
Batting: RHB Andy Huntley 0-0: Ball
1-0: Ball
2-0: Swinging Strike
2-1: SINGLE (Groundball, 4MD, EV 95.6 MPH)
Batting: LHB Kwang-chih Men 0-0: Called Strike
0-1: Ground out 5-3 (Groundball, 56S, EV 71.2 MPH)
Andy Huntley to second
Batting: RHB Taylor Garofalo 0-0: Fly out, F2 (Popup, 23F, EV 80.0 MPH)
Batting: RHB Roy Battist 0-0: Called Strike
0-1: Ball
1-1: Ball
2-1: Foul Ball, location: 2F
2-2: Strikes out swinging
Top of the 4th over - 0 runs, 1 hit, 0 errors, 1 left on base; South Bend 7 - Hartford 2
BOTTOM OF THE 4TH
Hartford Yard Goats batting - Pitching for South Bend Cubs : RHP Anastagio Fasola
Batting: RHB T.J. Williams 0-0: Ground out 3-1 (Groundball, 34, EV 105.6 MPH)
Batting: SHB Ken Griffey IV 0-0: Fly out, F8 (Flyball, 89XD, EV 90.0 MPH)
Batting: RHB Matviy Oliynyk 0-0: Ball
1-0: Ball
2-0: Ball
3-0: Called Strike
3-1: Swinging Strike
3-2: Base on Balls
Batting: RHB Zakhar Edelman 0-0: Ground out 4-3 (Groundball, 34, EV 93.8 MPH)
Bottom of the 4th over - 0 runs, 0 hits, 0 errors, 1 left on base; South Bend 7 - Hartford 2
TOP OF THE 5TH
South Bend Cubs batting - Pitching for Hartford Yard Goats : RHP Wilson Mendez
Batting: RHB Han-seung Hah 0-0: Called Strike
0-1: Ball
1-1: Fly out, F9 (Line Drive, 9, EV 96.2 MPH)
Batting: RHB Juan Bonilla 0-0: Fly out, F8 (Flyball, 8LXD, EV 88.1 MPH)
Batting: RHB Denis Rachin 0-0: Ball
1-0: Ball
2-0: Called Strike
2-1: SINGLE (Groundball, 6D, EV 98.8 MPH)
Pitching: RHP Jim Crooks
Batting: RHB Hugo Torrez 0-0: Ball
1-0: Ball
2-0: Ball
3-0: Base on Balls
Denis Rachin to second
Batting: LHB Hiroki Yamamoto 0-0: SINGLE (Groundball, 4MD, EV 96.9 MPH)
Denis Rachin to third
Hugo Torrez to second
Runner from 3rd tries for Home, SAFE, throw by CF to home
Batting: RHB Andy Huntley 0-0: Ball
1-0: Called Strike
1-1: Ball
2-1: Ball
3-1: Base on Balls
Hugo Torrez to third
Hiroki Yamamoto to second
Batting: LHB Kwang-chih Men 0-0: Foul Ball, location: 2F
0-1: Ball
1-1: Foul Ball, location: 2F
1-2: Ball
2-2: Ground out 4-3 (Groundball, 34D, EV 105.0 MPH)
Top of the 5th over - 1 run, 2 hits, 0 errors, 3 left on base; South Bend 8 - Hartford 2
BOTTOM OF THE 5TH
Hartford Yard Goats batting - Pitching for South Bend Cubs : RHP Anastagio Fasola
Batting: LHB Daniel Green 0-0: Called Strike
0-1: Foul Ball, location: 2F
0-2: Ground out 4-3 (Groundball, 34, EV 108.8 MPH)
Batting: LHB Harry Folsom 0-0: Fly out, F9 (Flyball, 9, EV 82.5 MPH)
Batting: RHB Kevin McKasson 0-0: Ball
1-0: Ball
2-0: Ball
3-0: Called Strike
3-1: Called Strike
3-2: Foul Ball, location: 2F
3-2: Base on Balls
Batting: LHB Nick Martin 0-0: Ball
1-0: Swinging Strike
1-1: Ball
2-1: Ground out U3 (Groundball, 34S, EV 85.6 MPH)
Bottom of the 5th over - 0 runs, 0 hits, 0 errors, 1 left on base; South Bend 8 - Hartford 2
TOP OF THE 6TH
South Bend Cubs batting - Pitching for Hartford Yard Goats : RHP Jim Crooks
Batting: RHB Taylor Garofalo 0-0: Foul Ball, location: 2F
0-1: Fly out, F7 (Flyball, BS1, EV 97.5 MPH)
Batting: RHB Roy Battist 0-0: Foul Ball, location: 2F
0-1: Ball
1-1: Ball
2-1: SINGLE (Flyball, 5D, EV 90.6 MPH)
Batting: RHB Han-seung Hah 0-0: Foul Ball, location: 2F
0-1: SINGLE (Groundball, 56D, EV 94.4 MPH)
Roy Battist to second
Batting: RHB Juan Bonilla 0-0: Called Strike
0-1: Ball
1-1: Ball
2-1: Fly out, F8 (Flyball, 89M, EV 89.4 MPH)
Lined into DP, 8-6 (Flyball, 89M, EV 89.4 MPH)
Top of the 6th over - 0 runs, 2 hits, 0 errors, 1 left on base; South Bend 8 - Hartford 2
BOTTOM OF THE 6TH
Hartford Yard Goats batting - Pitching for South Bend Cubs : RHP Anastagio Fasola
Batting: LHB Paul McClintock 0-0: Ball
1-0: Fly out, F8 (Flyball, 8LM, EV 90.6 MPH)
Batting: RHB T.J. Williams 0-0: Ball
1-0: Ball
2-0: Called Strike
2-1: Ground out 5-3 (Groundball, 56, EV 95.0 MPH)
Batting: SHB Ken Griffey IV 0-0: Ground out 4-3 (Groundball, 4, EV 83.1 MPH)
Bottom of the 6th over - 0 runs, 0 hits, 0 errors, 0 left on base; South Bend 8 - Hartford 2
TOP OF THE 7TH
South Bend Cubs batting - Pitching for Hartford Yard Goats : RHP Jim Crooks
Batting: RHB Denis Rachin 0-0: Ball
1-0: Ball
2-0: Ground out 1-3 (Groundball, 13, EV 66.9 MPH)
Batting: RHB Hugo Torrez 0-0: Swinging Strike
0-1: Ball
1-1: Ball
2-1: Called Strike
2-2: Strikes out swinging
Batting: LHB Hiroki Yamamoto 0-0: Foul Ball, location: 2F
0-1: Ball
1-1: Called Strike
1-2: Strikes out swinging
Top of the 7th over - 0 runs, 0 hits, 0 errors, 0 left on base; South Bend 8 - Hartford 2
BOTTOM OF THE 7TH
Hartford Yard Goats batting - Pitching for South Bend Cubs : RHP Anastagio Fasola
Batting: RHB Matviy Oliynyk 0-0: Ball
1-0: Ball
2-0: Called Strike
2-1: Ball
3-1: Base on Balls
Pitching: RHP Rob Craft
Batting: RHB Zakhar Edelman 0-0: Ball
Matviy Oliynyk steals 2nd base
1-0: Ball
2-0: Ball
3-0: Called Strike
3-1: Foul Ball, location: 2F
3-2: Base on Balls
Batting: LHB Daniel Green 0-0: Called Strike
0-1: Called Strike
0-2: SINGLE (Groundball, 6MD, EV 106.2 MPH)
Matviy Oliynyk to third
Zakhar Edelman to second
Batting: LHB Harry Folsom 0-0: Called Strike
0-1: Swinging Strike
0-2: Ball
1-2: Strikes out swinging
Batting: RHB Kevin McKasson 0-0: Ball
1-0: Called Strike
1-1: SINGLE (Groundball, 6, EV 100.0 MPH)
Matviy Oliynyk scores
Zakhar Edelman to third
Daniel Green to second
Runner from 3rd tries for Home, SAFE, throw by LF to home
Batting: LHB Nick Martin 0-0: SINGLE (Line Drive, 9S, EV 98.1 MPH)
Daniel Green to third
Kevin McKasson to second
Runner from 3rd tries for Home, SAFE, throw by RF to home
Batting: LHB Paul McClintock 0-0: Fielders Choice at 2nd, 1-4 (Groundball, 25, EV 72.5 MPH)
Kevin McKasson to third
Batting: RHB T.J. Williams 0-0: Called Strike
0-1: Called Strike
0-2: Ball
1-2: Ball
2-2: Strikes out looking
Bottom of the 7th over - 3 runs, 3 hits, 0 errors, 2 left on base; South Bend 8 - Hartford 5
TOP OF THE 8TH
South Bend Cubs batting - Pitching for Hartford Yard Goats : RHP Jim Crooks
Pitching: RHP Zi-cheng Zhou
Batting: RHB Andy Huntley 0-0: Ball
1-0: Foul Ball, location: 2F
1-1: Swinging Strike
1-2: Ball
2-2: Foul Ball, location: 2F
2-2: Strikes out swinging
Pitching: RHP Alex McKinstry
Batting: LHB Kwang-chih Men 0-0: Called Strike
0-1: Fly out, F8 (Flyball, 8LD, EV 106.2 MPH)
Batting: RHB Taylor Garofalo 0-0: Ball
1-0: Called Strike
1-1: Ground out 6-3 (Groundball, P, EV 82.5 MPH)
Top of the 8th over - 0 runs, 0 hits, 0 errors, 0 left on base; South Bend 8 - Hartford 5
BOTTOM OF THE 8TH
Hartford Yard Goats batting - Pitching for South Bend Cubs : RHP Rob Craft
Pitching: RHP Eric Allen
Now at 1B: Kwang-chih Men
Now at 2B: Ryan Bush
Batting: SHB Ken Griffey IV 0-0: Ball
1-0: Called Strike
1-1: Called Strike
1-2: Ball
2-2: Foul Ball, location: 2F
2-2: Ball
3-2: Foul Ball, location: 2F
3-2: Strikes out swinging
Batting: RHB Matviy Oliynyk 0-0: Ground out 1-3 (Groundball, 15S, EV 66.9 MPH)
Batting: RHB Zakhar Edelman 0-0: Called Strike
0-1: SINGLE (Line Drive, 7LS, EV 98.8 MPH)
Batting: LHB Daniel Green 0-0: Ball
1-0: Swinging Strike
1-1: Ball
2-1: Foul Ball, location: 2F
2-2: Ball
3-2: Base on Balls
Zakhar Edelman to second
Batting: LHB Harry Folsom 0-0: Called Strike
0-1: Swinging Strike
0-2: Ball
1-2: Strikes out swinging
Bottom of the 8th over - 0 runs, 1 hit, 0 errors, 2 left on base; South Bend 8 - Hartford 5
TOP OF THE 9TH
South Bend Cubs batting - Pitching for Hartford Yard Goats : RHP Alex McKinstry
Batting: RHB Roy Battist 0-0: Ball
1-0: Ball
2-0: Ball
3-0: Called Strike
3-1: Base on Balls
Batting: RHB Han-seung Hah 0-0: Ball
1-0: Swinging Strike
1-1: Ball
2-1: Fly out, F9 (Flyball, 9D, EV 88.1 MPH)
Batting: RHB Ryan Bush 0-0: Called Strike
Roy Battist is caught stealing 2nd base 2-4
0-1: Ball
1-1: SINGLE (Groundball, 34D, EV 103.1 MPH)
Batting: RHB Denis Rachin 0-0: Ball
1-0: Ball
2-0: Ball
3-0: Base on Balls
Ryan Bush to second
Batting: RHB Hugo Torrez 0-0: Called Strike
0-1: Fielders Choice at 2nd, 6-4 (Groundball, 6, EV 91.2 MPH)
Top of the 9th over - 0 runs, 1 hit, 0 errors, 2 left on base; South Bend 8 - Hartford 5
BOTTOM OF THE 9TH
Hartford Yard Goats batting - Pitching for South Bend Cubs : RHP Eric Allen
Pitching: RHP Jose Mata
Batting: RHB Kevin McKasson 0-0: Foul Ball, location: 2F
0-1: Foul Ball, location: 2F
0-2: Ball
1-2: Ball
2-2: Foul Ball, location: 2F
2-2: Strikes out looking
Batting: LHB Nick Martin 0-0: Called Strike
0-1: Ground out 6-3 (Groundball, 6, EV 80.6 MPH)
Batting: LHB Paul McClintock 0-0: Swinging Strike
0-1: Ball
1-1: Ground out 6-3 (Groundball, 6, EV 81.9 MPH)
Bottom of the 9th over - 0 runs, 0 hits, 0 errors, 0 left on base; South Bend 8 - Hartford 5
Tuesday, March 28th , 2023 - OOTP Baseball 23.10 Build 110